 Dungeon Crawl Stone Soup version 0.26.1-11-gd32895ea62 (webtiles) character file.

Game seed: 5736814262942906776

184 vvl the Poker (level 5, -16/42 HPs)
             Began as a Merfolk Berserker on June 9, 2021.
             Was a Believer of Trog.
             Demolished by an ogre
             ... wielding a +0 giant club
              (18 damage)
             ... on level 4 of the Dungeon.
             The game lasted 00:06:46 (3639 turns).

vvl the Poker (Merfolk Berserker)                   Turns: 3639, Time: 00:06:47

Health: -16/42     AC:  6    Str: 17    XL:     5   Next: 64%
Magic:  5/5        EV: 11    Int:  8    God:    Trog [**....]
Gold:   150        SH:  0    Dex: 13    Spells: 4/4 levels left

rFire    . . .     SeeInvis .   a - +0 spear
rCold    . . .     Faith    .   (no shield)
rNeg     . . .     Spirit   .   f - +0 scale mail {Will+}
rPois    .         Reflect  .   (no helmet)
rElec    .         Harm     .   (no cloak)
rCorr    .         Rampage  .   (no gloves)
Will     +....                  (no boots)
Stlth    ..........             (no amulet)
HPRegen  0.14/turn              (no ring)
MPRegen  0.09/turn              (no ring)

@: no status effects
A: change form in water, swift swim, stealthy swim
a: Renounce Religion, Berserk, Trog's Hand


You were on level 4 of the Dungeon.
You worshipped Trog.
Trog was pleased with you.
You visited 1 branch of the dungeon, and saw 4 of its levels.

You collected 150 gold pieces.

Inventory:

Hand Weapons
 a - a +0 spear (weapon)
Missiles
 h - 8 javelins
Armour
 f - a +0 scale mail of willpower (worn)
Jewellery
 l - an uncursed ring of poison resistance
Wands
 i - a wand of digging (6)
 k - a wand of disintegration (11)
 o - a wand of polymorph (3)
Scrolls
 c - 2 scrolls of magic mapping {unknown}
 d - 5 scrolls of identify {unknown}
 g - a scroll of random uselessness {unknown}
 n - a scroll of teleportation {unknown}
 p - a scroll of amnesia {unknown}
 q - a scroll of remove curse {unknown}
Potions
 b - a potion of cancellation {unknown}
 e - a potion of heal wounds {unknown}
 j - a potion of magic {unknown}
 m - 2 potions of curing {unknown}


   Skills:
 + Level 4.0 Fighting
 * Level 6.0 Polearms
 + Level 2.0 Armour
 + Level 3.9 Dodging
 + Level 1.2 Shields
 + Level 1.7 Evocations


You had 4 spell levels left.
You didn't know any spells.
Your spell library was empty.

Dungeon Overview and Level Annotations

Branches:
Dungeon (4/15)
 Temple: D:4-7

Altars:
Ru


Message History

The ogre is lightly wounded.
You hit the ogre.
The ogre is moderately wounded.
The ogre hits you with a +0 giant club!
You closely miss the ogre.
The ogre is moderately wounded.
The ogre misses you.
You hit the ogre.
The ogre is heavily wounded.
You hit the ogre.
The ogre is heavily wounded.
The ogre hits you with a +0 giant club!!
Ouch! That really hurt!
* * * LOW HITPOINT WARNING * * *
Aiming: Disintegrate
Press: ? - help, Shift-Dir - straight line, f/p - ogre
Aim: an ogre, wielding a +0 giant club (heavily wounded, chance to affect: 73%)
The ogre struggles to resist.
The ogre hits you with a +0 giant club!!
You die...

#......#
#......######
#............
#............
#............
#............
#............
#....O.#
#....@<#
#.$....#
#......#
#......#
#......#
#......#
#......#
########


You could see an ogre.

Vanquished Creatures
  A worker ant (D:2)
  6 adders
  An ooze (D:1)
  3 dart slugs
  3 leopard geckos
  5 orcs (D:3)
  9 bats
  10 giant cockroaches
  13 goblins
  7 hobgoblins
  4 jackals (D:2)
  4 quokkas
  4 frilled lizards
  7 kobolds
  6 rats
83 creatures vanquished.

Vanquished Creatures (others)
  2 plants (D:1)
2 creatures vanquished.

Grand Total: 85 creatures vanquished

Notes
Turn   | Place    | Note
-------+----------+-------------------------------------------
     0 | D:1      | vvl the Merfolk Berserker began the quest for the Orb.
     0 | D:1      | Reached XP level 1. HP: 18/18 MP: 1/1
   244 | D:1      | Reached XP level 2. HP: 21/24 MP: 2/2
   566 | D:1      | Reached skill level 5 in Polearms
   667 | D:1      | Reached XP level 3. HP: 29/29 MP: 3/3
  1559 | D:2      | Reached skill level 1 in Evocations
  1605 | D:2      | Reached ** piety under Trog
  1705 | D:2      | Reached XP level 4. HP: 34/37 MP: 4/4
  2046 | D:3      | Found a sacrificial altar of Ru.
  2323 | D:3      | Reached XP level 5. HP: 38/42 MP: 5/5
  2523 | D:3      | Reached skill level 1 in Shields
  3354 | D:3      | Reached skill level 6 in Polearms
  3630 | D:4      | Noticed an ogre
  3637 | D:4      | HP: 1/42 [ogre/+0 giant club (25)]
  3639 | D:4      | Demolished by an ogre

Illustrated notes

Levels and vault maps discovered:
D:1:      minmay_arrival_wavy_path, layout_loops_ring, serial_bayou_lagoon_a
D:2:      layout_rooms
D:3:      layout_loops_corners, nicolae_ru_path_of_blood
D:4:      layout_gridville, temple_green, ebering_ghost_reflecting_pool,
          chequers_serial_rivers_small_b, st_stairs_3, minmay_pentangle

Skill      XL: |  1  2  3  4  5 |
---------------+----------------+-----
Dodging        | 3 |  3.9
Polearms       | 5 6 |  6.0
Evocations     | 1 |  1.7
Shields        | 1 |  1.2
Armour         | 2 |  2.0
Fighting       | 4 |  4.0

Action                   |  1- 3 |  4- 6 || total
-------------------------+-------+-------++-------
Melee: Spear             |   154 |   233 ||   387
Evoke: Wand              |       |     1 ||     1
 Stab: Sleeping          |     2 |       ||     2
Armor: Animal skin       |     7 |       ||     7
       Scale mail        |    20 |    55 ||    75
Dodge: Dodged            |    85 |    90 ||   175
